 Dungeon Crawl Stone Soup version 0.19.1 (webtiles) character file.

132 Lionyx the Shield-Bearer (level 5, -6/41 HPs)
             Began as a Merfolk Fighter on Dec 11, 2016.
             Mangled by an orc wizard
             ... wielding a +0 dagger of electrocution
              (14 damage)
             ... on level 4 of the Dungeon.
             The game lasted 00:08:34 (1428 turns).

Lionyx the Shield-Bearer (Merfolk Fighter)          Turns: 1428, Time: 00:08:34

Health: -6/41      AC:  9    Str: 23    XL:     5   Next: 15%
Magic:  5/5        EV:  4    Int:  7    God:
Gold:   82         SH: 14    Dex: 13    Spells: 0 memorised, 4 levels left

rFire  . . .     SeeInvis .     q - +2 flail (protect)
rCold  . . .     Gourm    .     o - +0 chain mail
rNeg   . . .     Faith    .     k - +0 large shield
rPois  .         Spirit   .     (no helmet)
rElec  .         Reflect  .     (no cloak)
rCorr  .         Harm     .     (no gloves)
MR     .....                    (no boots)
Stlth  ..........               (no amulet)
                                r - ring of loudness (curse)
                                e - +5 ring of strength

@: about to teleport
A: change form in water, swift swim, stealthy swim
a: no special abilities


You were on level 4 of the Dungeon.
You were not hungry.

You visited 1 branch of the dungeon, and saw 4 of its levels.

You collected 82 gold pieces.

Inventory:

Hand Weapons
 a - a +1 rapier
 g - a +0 club
 h - a +0 rapier
 i - a +0 halberd
 l - a +0 club
 m - a +0 spear
 q - a +2 flail of protection (weapon)
Missiles
 j - a throwing net (quivered)
Armour
 b - a +0 scale mail
 c - a +0 shield
 k - a +0 large shield (worn)
 o - a +0 chain mail (worn)
Jewellery
 e - a +5 ring of strength (left hand)
 r - a cursed ring of loudness (right hand)
Scrolls
 p - a scroll of identify
 t - a scroll of teleportation
Potions
 d - a potion of might
 n - 2 potions of flight
 s - a potion of resistance
Comestibles
 f - 2 bread rations


   Skills:
 + Level 3.6 Fighting
 + Level 3.4 Short Blades
 + Level 3.1 Armour
 + Level 1.0 Dodging
 + Level 3.9 Shields


You had 4 spell levels left.
You didn't know any spells.

Dungeon Overview and Level Annotations

Branches:
Dungeon (4/15)             Temple (0/1) D:4

Altars:
Gozag


Message History

Something hits you but does no damage.
You are electrocuted!
The orc hits you. You block the orc's attack.
Something hits you but does no damage.
An adder comes into view.
You sock the orc!
You kill the orc!
You block the orc's attack. Something hits you but does no damage.
The orc completely misses you. Something hits you but does no damage.
Your shield prevents you from hitting the orc.
You block the orc's attack. Something hits you but does no damage.
The orc hits you but does no damage.
Your shield and chain mail prevent you from hitting the orc.
Something hits you but does no damage.
You are electrocuted!
* * * LOW HITPOINT WARNING * * *
The orc hits you.
* * * LOW HITPOINT WARNING * * *
Something hits you but does no damage.
As you read the scroll of teleportation, it crumbles to dust.
You feel strangely unstable. You block the orc's attack.
Something hits you but does no damage.
You are electrocuted!
You die...

#.# #.# .# #.# ### .#
#.###.## ..#
#.##...##..## #.#
#.#.....#...## #.#
#..>.........## #.#
#.#...........# #.#
#.#(...@S......
#.########.#.#.#o{?#.#.#
#.#.........#..##..# ..
#.#.######.#.### .).. .
..........<#.# .....
###.######## # ..##[.#
..(....# ..# ..#
###.##.# ..# .# #.# #


You could see an adder and an orc.

Vanquished Creatures
  A hound (D:4)
  A centaur skeleton (D:3)
  3 gnolls (D:3)
  2 adders
  A leopard gecko (D:1)
  2 orcs (D:4)
  2 giant cockroaches
  5 hobgoblins
  4 kobolds
  A quokka (D:3)
  A bat (D:1)
  A frilled lizard (D:3)
  3 goblins
  3 rats
30 creatures vanquished.

Notes
Turn   | Place    | Note
-------+----------+-------------------------------------------
     0 | D:1      | Lionyx the Merfolk Fighter began the quest for the Orb.
     0 | D:1      | Reached XP level 1. HP: 18/18 MP: 1/1
   124 | D:1      | Reached XP level 2. HP: 24/24 MP: 2/2
   298 | D:3      | Reached XP level 3. HP: 29/29 MP: 3/3
   562 | D:3      | Reached XP level 4. HP: 23/36 MP: 4/4
   639 | D:3      | Found an opulent altar of Gozag.
  1235 | D:4      | Reached skill level 1 in Dodging
  1235 | D:4      | Reached XP level 5. HP: 40/41 MP: 5/5
  1409 | D:4      | Found a staircase to the Ecumenical Temple.
  1428 | D:4      | Mangled by an orc wizard

Skill      XL: |  1  2  3  4 |
---------------+-------------+-----
Short Blades   | 3 |  3.4
Armour         | 3 |  3.1
Dodging        | 1 |  1.0
Fighting       | |  3.6
Shields        | |  3.9

Action                   |  1- 3 |  4- 6 || total
-------------------------+-------+-------++-------
Melee: Rapier            |    42 |    38 ||    80
       Flail             |       |    17 ||    17
  Use: Scroll            |     3 |     5 ||     8
  Eat: Meat ration       |       |     1 ||     1
Armor: Scale mail        |    17 |       ||    17
       Chain mail        |       |    33 ||    33
Dodge: Dodged            |    14 |     6 ||    20
Block: Shield            |    17 |       ||    17
       Large shield      |     7 |    50 ||    57
